AoeStats
← DeXal

Arabia

507744550Analyzed
1v1 RM · 12d ago on Sep 19, 2026· 25m 56s· 2 players
Game mode
Random Map
Map size
Tiny (2 player)
Population
200
Speed
Normal
Resources
Standard
Victory
Conquest
Starting age
Dark Age
Ending age
Imperial Age
RankedLock teamsTeams togetherTeam positionsShared explorationLock speedFull tech treeHidden civsTurbo modeCheats
Victory
Defeat
🇪🇸 Romans · Spain
1044
+14
🇫🇮 Poles · Finland
1008
-14
DeXal
5:01 Loom
9:43 Feudal Age
10:30 Double-Bit Axe
24:55 Castle Age
23:05 Fletching
inmaculada
6:25 Loom
9:35 Feudal Age
11:52 Man-at-Arms
14:31 Scale Mail Armor
17:28 Forging
21:39 Castle Age
20:28 Horse Collar
20:56 Gold Mining
21:44 Long Swordsman
22:42 Chain Mail Armor
23:53 Iron Casting
Connection lost

Rejoining the realm…

Still unreachable

The connection could not be restored.

Session expired

The server has moved on; the page needs a fresh start.